 Dungeon Crawl Stone Soup version 0.22.0-75-g3901e79 (webtiles) character file.

102 lysyklops the Ruffian (level 4, -3/36 HPs)
             Began as a Draconian Transmuter on Sept 13, 2018.
             Slain by a phantom (6 damage)
             ... on level 2 of the Dungeon.
             The game lasted 00:07:56 (2346 turns).

lysyklops the Ruffian (Draconian Transmuter)        Turns: 2346, Time: 00:07:56

Health: -3/36      AC:  5    Str: 13    XL:     4   Next: 50%
Magic:  6/7        EV: 12    Int: 14    God:
Gold:   99         SH:  0    Dex: 11    Spells: 6/7 levels left

rFire    . . .     SeeInvis .     - Unarmed
rCold    . . .     Gourm    .   (no shield)
rNeg     . . .     Faith    .   (armour unavailable)
rPois    .         Spirit   .   (helmet restricted)
rElec    .         Reflect  .   (no cloak)
rCorr    .         Harm     .   (no gloves)
MR       .....                  (boots currently unavailable)
Stlth    +.........             (no amulet)
HPRegen  0.12/turn              (no ring)
MPRegen  0.10/turn              (no ring)

@: appendage (expiring), drained
A: unfitting armour, talons 3, cold-blooded, AC +5
a: End Transformation


You were on level 2 of the Dungeon.
You were very hungry.
You had grown temporary talons.
You visited 1 branch of the dungeon, and saw 2 of its levels.

You collected 99 gold pieces.

Inventory:

Missiles
 a - 12 arrows
Jewellery
 h - an uncursed ring of flight {unknown}
Wands
 i - a wand of clouds (8)
Scrolls
 b - 3 scrolls of identify {unknown}
 e - a scroll of blinking {unknown}
 f - a scroll of fog {unknown}
 k - a scroll of enchant weapon {unknown}
 l - 2 scrolls of magic mapping {unknown}
Potions
 d - 2 potions of curing {unknown}
 g - a potion of haste {unknown}
 j - 2 potions of invisibility {unknown}
 m - a potion of berserk rage {unknown}
Comestibles
 c - a ration


   Skills:
 + Level 1.8(1.0) Fighting
 + Level 2.3(1.6) Dodging
 * Level 4.2(3.3) Unarmed Combat
 + Level 2.4(1.7) Spellcasting
 + Level 2.4(1.6) Transmutations


You had 6 spell levels left.
You knew the following spells:

 Your Spells              Type           Power        Failure   Level  Hunger
a - Beastly Appendage     Tmut           #.....       12%         1    ##.....

Your spell library contained the following spells:

 Spells                   Type           Power        Failure   Level  Hunger
 Sticks to Snakes         Tmut           #.......     19%         2    ###....
 Spider Form              Tmut/Pois      #.........   45%         3    ####...
 Ice Form                 Ice/Tmut       #.......     86%         4    #####..
 Blade Hands              Tmut           #.........   98%         5    ######.


Dungeon Overview and Level Annotations

Branches:
Dungeon (2/15)

Altars:


Innate Abilities, Weirdness & Mutations

Your plain brown scales are hard. (AC +5)
You cannot fit into any form of body armour.
You are cold-blooded and may be slowed by cold attacks.
You have claws for feet.


Message History

You hit the phantom.
The phantom is almost destroyed.
The phantom hits you.
* * * LOW HITPOINT WARNING * * *
Casting: Beastly Appendage (safe; 12% risk of failure)
Confirm with . or Enter, or press ? or * to list all spells.
Your feet morph into talons.
The phantom blinks!
Your transformation is almost over.
The phantom blinks!
You miss the phantom.
The phantom is almost destroyed.
The phantom barely misses you.
You closely miss the phantom. Your kick misses the phantom.
The phantom is almost destroyed.
The phantom blinks!
The phantom blinks!
You barely miss the phantom. You claw the phantom, but do no damage.
The phantom is almost destroyed.
The phantom hits you.
You die...

#.#..'.'.)#.#
#.#'##.####.#
#...........#
#.#+##.####.#
######.# #.# #.#
#....#.# +.+ #.#
#.# #.# ##.##+#.#
#.####.. ........#
#@##.#.# ##.##+#.#
#W##.#. #.# #.#
#....# +.+ #.#
#.##.#.#+##.####.#
#....#...........#
####.#.#+##.####.#
#.# #.#..#.# #.#
+.'..#.#
#.#.####.##+#.#


You could see a phantom.

Vanquished Creatures
  2 gnolls (D:1)
  2 oozes
  2 worms (D:2)
  A dart slug (D:1)
  A leopard gecko (D:2)
  7 giant cockroaches
  12 goblins
  6 hobgoblins
  4 jackals (D:2)
  8 kobolds
  A ball python (D:2)
  6 bats
  4 frilled lizards
  7 rats
63 creatures vanquished.

Notes
Turn   | Place    | Note
-------+----------+-------------------------------------------
     0 | D:1      | lysyklops the Draconian Transmuter began the quest for the
                  | Orb.
     0 | D:1      | Reached XP level 1. HP: 16/16 MP: 3/3
   276 | D:1      | Reached XP level 2. HP: 23/23 MP: 3/5
   598 | D:1      | Reached XP level 3. HP: 23/28 MP: 4/6
  1106 | D:1      | Reached skill level 4 in Unarmed Combat
  1521 | D:2      | Reached XP level 4. HP: 35/35 MP: 7/7
  2287 | D:2      | Noticed a phantom
  2346 | D:2      | Slain by a phantom

Skill      XL: |  1  2  3 |
---------------+----------+-----
Dodging        | 2 |  2.3
Unarmed Combat | 4 |  4.2
Fighting       | |  1.8
Spellcasting   | |  2.4
Transmutations | |  2.4

Action                   |  1- 3 |  4- 6 || total
-------------------------+-------+-------++-------
Melee: Unarmed           |   128 |   100 ||   228
       Tailslap          |    11 |    13 ||    24
       Kick              |     6 |     7 ||    13
       Headbutt          |     2 |     1 ||     3
       Punch             |       |     1 ||     1
 Cast: Beastly Appendage |    19 |     6 ||    25
 Stab: Sleeping          |     1 |       ||     1
  Eat: Chunk             |     1 |     3 ||     4
Armor: Skin              |    50 |    35 ||    85
Dodge: Dodged            |    87 |    65 ||   152
